 Dungeon Crawl Stone Soup version 0.31.0-9-g3a7656b989 (webtiles) character file.

Game seed: 12427463421785807500

260 qw the Shooter (level 5, 0/25 HPs)
             Began as a Spriggan Hunter on Feb 2, 2024.
             Killed by divine providence
             ... invoked by an orc priest
              (11 damage)
             ... on level 3 of the Dungeon.
             The game lasted 00:00:06 (2018 turns).

qw the Shooter (Spriggan Hunter)                    Turns: 2018, Time: 00:00:06

Health: 0/25       AC:  4    Str:  7    XL:     5   Next: 95%
Magic:  6/6        EV: 20    Int: 10    God:
Gold:   41         SH:  0    Dex: 21    Spells: 4/4 levels left

rFire   + . .        a - +0 shortbow
rCold   . . .        (shield currently unavailable)
rNeg    . . .        b - +2 robe {rF+}
rPois   .            (helmet restricted)
rElec   .            (no cloak)
rCorr   .            (gloves unavailable)
SInv    +            (boots unavailable)
Will    .....        (no amulet)
Stlth   ++           (no ring)
HPRegen 0.24/turn    (no ring)
MPRegen 0.10/turn

%: no passive effects
@: very quick
A: very small, no large weapons, unfitting armour, see invisible, speed 3
a: no special abilities


You were on level 3 of the Dungeon.
You visited 1 branch of the dungeon, and saw 3 of its levels.

You collected 41 gold pieces.


Innate Abilities, Weirdness & Mutations

You are very small and have problems with some larger weapons.
You are too small for most types of armour.
You have supernaturally acute eyesight. (SInv)
You cover ground extremely quickly. (Speed+++)


   Skills:
 - Level 1.5 Fighting
 - Level 6.5 Ranged Weapons
 + Level 4.9 Dodging
 - Level 1.5 Stealth


You had 4 spell levels left.
You didn't know any spells.
Your spell library was empty.

Inventory:

Hand Weapons
 a - a +0 shortbow (weapon)
Armour
 b - a +2 robe of fire resistance (worn)
Scrolls
 e - a scroll of teleportation {unknown}
Potions
 c - a potion of might {unknown}
 d - a potion of curing
 g - a potion of degeneration {unknown}
 j - a potion of haste {unknown}

Dungeon Overview and Level Annotations

Branches:
Dungeon (3/15)

Altars:
The Shining One

Annotations:
D:2 1 runed translucent door, Crazy Yiuf


Message History

The orc wizard is almost dead.
You shoot an arrow. The arrow hits the orc wizard.
The orc wizard is almost dead.
The orc wizard misses you.
You shoot an arrow. The arrow barely misses the orc wizard.
The arrow hits the gnoll.
The gnoll is severely wounded.
The orc wizard casts a spell at you. The puff of flame hits you. You resist.
You shoot an arrow.
The arrow closely misses the orc wizard.
The arrow hits the gnoll!
You kill the gnoll!
The orc wizard gestures at you while chanting.
You easily resist.
You shoot an arrow. The arrow hits the orc wizard.
You kill the orc wizard!
The ball python misses you. The ball python grabs you.
The ball python constricts you.
You shoot an arrow.
The arrow barely misses the ball python.
The arrow barely misses the orc priest.
The ball python misses you. The ball python constricts you.
You shoot an arrow.
The arrow barely misses the ball python.
The arrow hits the orc priest but does no damage.
The ball python misses you. The ball python constricts you.
You shoot an arrow. The arrow hits the ball python.
You kill the ball python!
You shoot an arrow. The arrow hits the orc priest.
The orc priest is lightly wounded.
The orc priest misses you.
You shoot an arrow.
The arrow completely misses the orc priest.
The orc priest casts a cantrip, but nothing happens.
You shoot an arrow. The arrow hits the orc priest!
The orc priest is severely wounded.
The orc priest calls down the wrath of Beogh upon you.
Beogh smites you!
You die...

########.......###.......
..)......................
########.#####.###.......
#.#......##.......
#.#.###..######### #.#
...# #.# ...# #.# ....#
#@# ....# #o# #....# #)#
#.# #)# #.# #)# #).


You could see an orc priest.

Vanquished Creatures
  Sigmund (D:2)
  An orc wizard (D:3)
  A gnoll (D:3)
  2 dart slugs (D:1)
  A ribbon worm (D:2)
  3 orcs (D:3)
  7 ball pythons
  2 endoplasms (D:1)
  2 giant cockroaches
  9 hobgoblins
  4 jackals (D:1)
  A quokka (D:1)
  4 bats (D:1)
  A goblin (D:2)
  4 kobolds
  5 rats
48 creatures vanquished.

Notes
Turn   | Place    | Note
-------+----------+-------------------------------------------
     0 | D:1      | qw the Spriggan Hunter began the quest for the Orb.
     0 | D:1      | Reached XP level 1. HP: 10/10 MP: 2/2
     0 | D:1      | 0 ||| qw: Version: 0.3-a-155-g5e7d8dd
     0 | D:1      | 0 ||| qw: Game counter: 411
     0 | D:1      | 0 ||| qw: Melee chars always use a shield: true
     0 | D:1      | 0 ||| qw: God list: Okawaru
     0 | D:1      | 0 ||| qw: Allow faded altars: false
     0 | D:1      | 0 ||| qw: Do Orc after clearing Dungeon:15 true
     0 | D:1      | 0 ||| qw: Do second Lair branch before Depths: true
     0 | D:1      | 0 ||| qw: Lair rune preference: random
     0 | D:1      | 0 ||| qw: Goals: Normal
     0 | D:1      | 0 ||| PLANNING D:1-11
    29 | D:1      | Reached skill level 3 in Dodging
    29 | D:1      | 29 ||| RETREEEEATING.
    32 | D:1      | 32 ||| RETREEEEATING.
    33 | D:1      | 33 ||| RETREEEEATING.
    43 | D:1      | Reached XP level 2. HP: 13/14 MP: 3/3
   549 | D:1      | Reached XP level 3. HP: 18/18 MP: 4/4
   662 | D:1      | 662 ||| READING scroll labelled WYELABETUD.
   662 | D:1      | 662 ||| IDENTIFYING sapphire potion
   663 | D:1      | 663 ||| READING scroll labelled IVEISK UPPOLO.
   694 | D:1      | 694 ||| DROPPING scroll of butterflies.
   852 | D:2      | Noticed Sigmund
   855 | D:2      | 855 ||| FLEEEEING.
   856 | D:2      | 856 ||| FLEEEEING.
   857 | D:2      | 857 ||| FLEEEEING.
   858 | D:2      | 858 ||| FLEEEEING.
   860 | D:2      | 860 ||| FLEEEEING.
   861 | D:2      | 861 ||| FLEEEEING.
   863 | D:2      | 863 ||| FLEEEEING.
   864 | D:2      | 864 ||| FLEEEEING.
   865 | D:2      | 865 ||| FLEEEEING.
   867 | D:2      | 867 ||| FLEEEEING.
   868 | D:2      | 868 ||| FLEEEEING.
   870 | D:2      | 870 ||| FLEEEEING.
   871 | D:2      | 871 ||| FLEEEEING.
   884 | D:2      | HP: 2/18 [Sigmund/+0 scythe (8)]
   886 | D:2      | Killed Sigmund
   887 | D:2      | Reached skill level 6 in Ranged Weapons
   887 | D:2      | Reached XP level 4. HP: 3/22 MP: 5/5
   887 | D:2      | Reached XP level 5. HP: 3/25 MP: 6/6
  1395 | D:2      | Found a glowing golden altar of the Shining One.
  1747 | D:2      | Found a runed translucent door.
  1748 | D:2      | Noticed Crazy Yiuf
  1751 | D:2      | 1751 ||| UPGRADING to +2 robe of fire resistance.
  1761 | D:2      | 1761 ||| DROPPING +0 robe.
  1762 | D:2      | 1762 ||| READING scroll of identify.
  1762 | D:2      | 1762 ||| IDENTIFYING emerald potion
  1763 | D:2      | 1763 ||| READING scroll labelled BYKHIU JITHRUUD.
  1764 | D:2      | 1764 ||| READING scroll labelled FOARCH TOTIP.
  1865 | D:2      | 1865 ||| DROPPING potion of invisibility.
  2018 | D:3      | Killed from afar by an orc priest

Levels and vault maps discovered:
D:1:      minmay_arrival_doors, layout_loops_cross, hangedman_decor_growths
D:2:      layout_basic, basic_altar, minmay_unequal, uniq_sigmund,
          uniq_crazy_yiuf_cottage
D:3:      layout_basic, slow_altar_2, kennysheep_small_spiral

Skill      XL: |  1  2  3 |
---------------+----------+-----
Dodging        | 3 4 |  4.9
Ranged Weapons | 6 |  6.5
Fighting       | |  1.5
Stealth        | |  1.5

Action                     |  1- 3 |  4- 6 || total
---------------------------+-------+-------++-------
   Fire: Shortbow          |    93 |    46 ||   139
    Use: Scroll            |     2 |     3 ||     5
 Armour: Robe              |    13 |     3 ||    16
  Dodge: Dodged            |    39 |    11 ||    50

Table legend:
 A = Non-vault XP
 B = Vault XP
 C = Vault XP percentage of total XP
 D = Non-vault monster count
 E = Vault monster count
 F = Vault count percentage of total count
                 A         B        C        D         E       F
            +---------+---------+-------+---------+---------+-------
      Total |     127 |     245 |  65.9 |      46 |       2 |   4.2
            +---------+---------+-------+---------+---------+-------
        D:1 |      47 |       0 |   0.0 |      26 |       0 |   0.0
        D:2 |      19 |     245 |  92.8 |      12 |       2 |  14.3
        D:3 |      61 |       0 |   0.0 |       8 |       0 |   0.0
            +---------+---------+-------+---------+---------+-------
